 Dungeon Crawl Stone Soup version 0.19-a0-1626-g5215c36 (webtiles) character file.

74 st0uf the Ruffian (level 4, -9/44 HPs)
             Began as a Troll Monk on Sept 18, 2016.
             Mangled by a wyvern skeleton (13 damage)
             ... on level 3 of the Dungeon.
             The game lasted 00:04:57 (1053 turns).

st0uf the Ruffian (Troll Monk)                      Turns: 1053, Time: 00:04:59

Health: -9/44      AC:  5    Str: 19    XL:     4   Next: 10%
Magic:  3/3        EV: 10    Int:  6    God:
Gold:   143        SH:  0    Dex: 13    Spells: 0 memorised, 3 levels left

rFire  . . .     SeeInvis .       - Unarmed
rCold  . . .     Gourm    +     a - +0 robe
rNeg   . . .     Faith    .     (no shield)
rPois  .         Spirit   .     (helmet restricted)
rElec  .         Dismiss  .     (no cloak)
rCorr  .         Reflect  .     (gloves unavailable)
MR     .....     Harm     .     (boots unavailable)
Stlth  +.........               (no amulet)
                                (no ring)
                                (no ring)

@: heavily drained
A: unfitting armour, claws 3, fast metabolism 3, gourmand, regeneration 1,
shaggy fur 1, tough skin 2
a: no special abilities


You were on level 3 of the Dungeon.
You were completely stuffed.

You visited 1 branch of the dungeon, and saw 3 of its levels.

You collected 143 gold pieces.

Inventory:

Armour
 a - a +0 robe (worn)
 h - a +0 shield
Scrolls
 c - a scroll of recharging {unknown}
 e - a scroll of magic mapping {unknown}
 f - 6 scrolls of identify {unknown}
 i - 2 scrolls of remove curse {unknown}
 m - a scroll of fog {unknown}
 n - a scroll of fear {unknown}
Potions
 d - a potion of curing {unknown}
 g - a potion of heal wounds {unknown}
 j - a potion of beneficial mutation {unknown}
 k - a potion of haste {unknown}
Comestibles
 b - 3 bread rations


   Skills:
 + Level 2.7(1.1) Fighting
 + Level 0.8(0.0) Throwing
 + Level 1.0(0.0) Armour
 + Level 2.8(1.2) Dodging
 - Level 1.1(0.0) Stealth
 + Level 1.2(0.0) Shields
 + Level 3.2(1.5) Unarmed Combat


You had 3 spell levels left.
You didn't know any spells.

Dungeon Overview and Level Annotations

Branches:
Dungeon (3/15)

Altars:
Hepliaklqana
Ru


Innate Abilities, Weirdness & Mutations

You are too large for most types of armour.
You have claws for hands.
Your metabolism is lightning-fast.
You like to eat raw meat.
Your natural rate of healing is unusually fast.
You are covered in fur. (AC +1)
You have very tough skin. (AC +2)


Message History

Found 10 stones.
Found a sacrificial altar of Ru.
A wyvern skeleton comes into view.
The wyvern skeleton bites you.
Found a meat ration.
You barely miss the wyvern skeleton. The wyvern skeleton bites you.
You scratch the wyvern skeleton.
The wyvern skeleton is lightly damaged.
The wyvern skeleton bites you! x2
* * * LOW HITPOINT WARNING * * *
Unknown command.
You barely miss the wyvern skeleton.
The wyvern skeleton is lightly damaged.
The wyvern skeleton bites you!
* * * LOW HITPOINT WARNING * * *
Unknown command.
You claw the wyvern skeleton!
The wyvern skeleton is heavily damaged.
The wyvern skeleton bites you!
You die...

#(##.##.#
##.####.#
..##.#.###.#
######
..##.##..#.####
%≈≈≈..#
.(.#..##.#.....
≈...≈..#
..####.###.###(
≈._.≈...#..#
#.# #.# #.
≈...≈.Z#%..#
#.# #.# #.
≈≈≈..#@.#
#.###.###.
#...#
#.........
.....##.#
####......
....# #.#
#.##### #..##
#.# #.# #. #.#
#.# # #.# #.#
#.# #.# #.# #.#


You could see a wyvern skeleton.

Vanquished Creatures
  Robin (D:2)
  2 adders
  An ooze (D:1)
  A leopard gecko (D:3)
  8 goblins
  9 hobgoblins
  A ball python (D:3)
  2 bats
  4 frilled lizards
  8 kobolds
  2 rats (D:1)
39 creatures vanquished.

Notes
Turn   | Place    | Note
-------+----------+-------------------------------------------
     0 | D:1      | st0uf the Troll Monk began the quest for the Orb.
     0 | D:1      | Reached XP level 1. HP: 22/22 MP: 0/0
    57 | D:1      | Reached XP level 2. HP: 29/29 MP: 1/1
   467 | D:2      | Reached XP level 3. HP: 31/36 MP: 2/2
   624 | D:2      | Noticed Robin
   699 | D:2      | Reached skill level 1 in Shields
   768 | D:2      | Killed Robin
   768 | D:2      | Reached skill level 1 in Armour
   946 | D:3      | Found a hazy altar of Hepliaklqana.
  1034 | D:3      | Reached XP level 4. HP: 40/44 MP: 3/3
  1047 | D:3      | Found a sacrificial altar of Ru.
  1053 | D:3      | Mangled by a wyvern skeleton

Vault maps used:
D:1:      dpeg_arrival_fog, corexii_item_surrounded_by_moat
D:2:      first_bread, kennysheep_another_room, minmay_misc_feat_diagonals,
          minmay_misc_feat_hallway, uniq_robin
D:3:      nicolae_ru_awakened_eye, cheibriados_altar_1, marbit_many_paths,
          lemuel_coloured_pillars_altar

Skill      XL: |  1  2  3 |
---------------+----------+-----
Shields        | 1 |  1.2
Armour         | 1 |  1.0
Fighting       | |  2.7
Throwing       | |  0.8
Dodging        | |  2.8
Stealth        | |  1.1
Unarmed Combat | |  3.2

Action                   |  1- 3 |  4- 6 || total
-------------------------+-------+-------++-------
Melee: Unarmed           |    89 |     4 ||    93
 Stab: Sleeping          |     2 |       ||     2
  Eat: Chunk             |    15 |       ||    15
Armor: Robe              |    38 |       ||    38
Dodge: Dodged            |    67 |       ||    67
